 Dungeon Crawl Stone Soup version 0.17-a0-1582-ge6b0260 (webtiles) character file.

35 Dunecat the Magician (level 3, -1/25 HPs)
             Began as a Human Wizard on July 27, 2015.
             Killed by nerve-wracking pain
             ... invoked by Jessica
              (9 damage)
             ... on level 2 of the Dungeon.
             The game lasted 00:08:08 (753 turns).

Dunecat the Magician (Human Wizard)                  Turns: 753, Time: 00:08:08

Health: -1/25      AC:  4    Str:  7    XL:     3   Next: 52%
Magic:  2/7        EV: 12    Int: 19    God:
Gold:   53         SH:  0    Dex: 11    Spells: 4 memorised, 1 level left

rFire  . . .     SeeInvis .     e - +0 spear
rCold  . . .     Clarity  .     a - +0 robe
rNeg   . . .     SustAt   .     (no shield)
rPois  .         Gourm    .     b - +0 hat
rElec  .         Spirit   .     h - +0 cloak
rCorr  .         Warding  .     j - +0 pair of gloves
rMut   .         Stasis   .     (no boots)
MR     .....                    (no amulet)
Stlth  ++........               (no ring)
                                (no ring)

@: lethally poisoned (-1 -> -7), very slightly contaminated, repel missiles, not
resistant to hostile enchantments, unstealthy
A: no striking features
a: no special abilities


You were on level 2 of the Dungeon.
You were not hungry.

You visited 1 branch of the dungeon, and saw 2 of its levels.

You collected 53 gold pieces.

Inventory:

Hand weapons
 e - a +0 spear (weapon)
 g - a +0 dagger
Armour
 a - a +0 robe (worn)
 b - a +0 hat (worn)
 h - a +0 cloak (worn)
 j - a +0 pair of gloves (worn)
Jewellery
 o - an uncursed ring of protection from fire {unknown}
Scrolls
 f - a scroll of random uselessness {unknown}
 k - a scroll of magic mapping {unknown}
 m - a scroll of enchant armour {unknown}
 p - a scroll of amnesia {unknown}
 q - a scroll of identify {unknown}
Potions
 l - 2 potions of lignification {unknown}
 r - a potion of heal wounds {unknown}
Books
 c - a book of Minor Magic

   Spells                             Type                      Level
   a - Magic Dart                     Conjuration                  1
   b - Blink                          Translocation                2
   c - Call Imp                       Summoning                    2
   d - Repel Missiles                 Charms/Air                   2
   e - Slow                           Hexes                        2
   f - Conjure Flame                  Conjuration/Fire             3
   g - Mephitic Cloud                 Conjuration/Poison/Air       3
Comestibles
 d - a bread ration
 i - 2 fruits
 n - a beef jerky


   Skills:
 + Level 0.6 Fighting
 + Level 2.4 Dodging
 + Level 2.3 Stealth
 + Level 3.4 Spellcasting
 + Level 1.5 Conjurations
 - Level 1.0 Summonings
 - Level 1.0 Translocations


You had one spell level left.
You knew the following spells:

 Your Spells              Type           Power        Failure   Level  Hunger
a - Magic Dart            Conj           #...         10%         1    None
b - Blink                 Tloc           N/A          17%         2    ##.....
c - Call Imp              Summ           #.......     17%         2    ##.....
d - Repel Missiles        Chrm/Air       #.....       24%         2    ##.....


Dungeon Overview and Level Annotations

Branches:
Dungeon (2/15)

Altars:
Dithmenos

Annotations:
D:2 Jessica


Message History

You feel sick. The adder bites you but does no damage.
Your shadow imp misses the adder.
The adder bites you.
Attack whom?
Press: ? - help, Dir - move target cursor, f/p - adder
Aim: an adder (heavily wounded)
You miss the adder.
The adder is heavily wounded.
The adder bites you.
You are more poisoned.
The adder poisons you!
Your shadow imp gestures at the adder.
The adder convulses in agony!
The adder dies!
You feel sick.
You feel sick.
Jessica the Apprentice Sorceress comes into view.
She is wielding a club.
You feel sick. Jessica casts a spell at you. Pain shoots through your body!
You die...

. ..# ..###. #. #.#
#..#.. ##. #.# ###
#.....##..####.# ##.####
........†....#.###......
....... #..........####
..._...####....####.#
........##..#### #.#
.......@....# #.#
#.....##.5..# #.# #..#@
##...# #.## . # ##...#
#..# .....# #..# ##.#..#
#..# #....#### #..#
..#.....####..#
##.##..........#


You could see Jessica and a friendly shadow imp.

Vanquished Creatures
  A giant gecko (D:1)
  A ball python (D:1)
  3 bats
  2 giant cockroaches (D:2)
  6 goblins (D:1)
  4 hobgoblins (D:1)
  2 giant newts
  A jackal (D:1)
  2 kobolds
  A rat (D:1)
23 creatures vanquished.

Vanquished Creatures (collateral kills)
  An adder (D:2)
1 creature vanquished.

Grand Total: 24 creatures vanquished

Notes
Turn   | Place    | Note
--------------------------------------------------------------
     0 | D:1      | Dunecat the Human Wizard began the quest for the Orb.
     0 | D:1      | Reached XP level 1. HP: 13/13 MP: 4/4
    28 | D:1      | Reached XP level 2. HP: 10/19 MP: 0/6
   159 | D:1      | Learned a level 2 spell: Blink
   162 | D:1      | Learned a level 2 spell: Call Imp
   165 | D:1      | Learned a level 2 spell: Repel Missiles
   305 | D:1      | Reached XP level 3. HP: 21/24 MP: 0/7
   739 | D:2      | Found a shadowy altar of Dithmenos.
   753 | D:2      | Noticed Jessica
   753 | D:2      | Killed from afar by Jessica

Vault maps used:
D:1:      dpeg_arrival_tiny_c, st_stairs_1, minmay_misc_feat_cross,
          kennysheep_another_room
D:2:      nemelex_deck, nicolae_dithmenos_shadow_blocks, uniq_jessica

Action                   || total
-------------------------++-------
Melee: Spear             ||    43
 Cast: Magic Dart        ||    37
       Call Imp          ||     1
       Repel Missiles    ||     1
 Stab: Sleeping          ||     2
